 Dungeon Crawl Stone Soup version 0.19-a0-1155-gb6eeeff (webtiles) character file.

24618 HaroldButt the Carver (level 12, 0/106 HPs)
             Began as a Demigod Gladiator on Aug 13, 2016.
             Killed by vampiric draining
             ... invoked by Josephine
              (6 damage)
             ... on level 1 of the Orcish Mines.
             The game lasted 01:31:53 (21433 turns).

HaroldButt the Carver (Demigod Gladiator)          Turns: 21433, Time: 01:31:53

Health: 0/106      AC: 25    Str: 22    XL:     12   Next: 47%
Magic:  15/15      EV:  7    Int: 12    God:
Gold:   209        SH:  0    Dex: 20    Spells: 0 memorised, 11 levels left

rFire  . . .     SeeInvis .     a - +2 long sword
rCold  . . .     Gourm    +     X - +4 chain mail {MR+}
rNeg   . . .     Faith    .     (no shield)
rPois  .         Spirit   .     c - +2 helmet
rElec  .         Dismiss  .     t - +2 cloak
rCorr  .         Reflect  .     h - +2 pair of gloves
MR     +++..     Harm     .     (no boots)
Stlth  ..........               V - amulet of the gourmand
                                g - +4 ring of protection
                                e - ring of protection from magic

@: very heavily drained
A: high mp 1
a: no special abilities


You were on level 1 of the Orcish Mines.
You were not hungry.

You visited 3 branches of the dungeon, and saw 16 of its levels.
You also visited: Labyrinth and Bailey.

You collected 947 gold pieces.
You spent 738 gold pieces at shops.


Innate Abilities, Weirdness & Mutations

You have an increased reservoir of magic. (+10% MP)


   Skills:
 - Level 10.0(0.0) Fighting
 + Level 13.1(0.2) Long Blades
 - Level 1.7(0.0) Throwing
 - Level 8.2(0.0) Armour
 - Level 8.8(0.0) Dodging


You had 11 spell levels left.
You didn't know any spells.

Inventory:

Hand Weapons
 a - a +2 long sword (weapon)
 p - a +0 blowgun
Missiles
 d - 3 throwing nets (quivered) {=f}
 q - 41 poisoned needles
 B - 15 javelins of returning
Armour
 c - a +2 helmet (worn)
 h - a +2 pair of gloves (worn)
 t - a +2 cloak (worn)
 K - the +2 leather armour "Utuvunu" {rCorr MP+9 Int+3}

   It affects your intelligence (+3).
   It affects your magic capacity (+9).
   It protects you from acid and corrosion.
 P - a +3 leather armour
 X - a +4 chain mail of magic resistance (worn)
 Y - the +1 ring mail of Defiance {rElec}

   It insulates you from electricity.
Rods
 b - a +4 rod of shadows (13/13)
Jewellery
 e - a ring of protection from magic (left hand)
 g - a +4 ring of protection (right hand)
 o - an uncursed ring of positive energy
 v - an uncursed ring of resist corrosion
 E - an uncursed ring of protection from fire
 F - an uncursed ring of see invisible
 O - an uncursed ring of flight
 V - an amulet of the gourmand (around neck)
Wands
 y - a wand of hasting (2/9) {!d@v3}
 G - a wand of polymorph (7/24)
 S - a wand of confusion (12/48)
 T - a wand of paralysis (0/24)
 Z - a wand of acid (0/15)
Scrolls
 n - 3 scrolls of amnesia
 s - 5 scrolls of identify {@r1}
 w - 4 scrolls of remove curse
 C - 2 scrolls of magic mapping
 D - a scroll of fear
 H - 3 scrolls of immolation {!r}
 J - 2 scrolls of teleportation {@r4}
 Q - 2 scrolls of torment {!r}
 U - a scroll of blinking
 W - a scroll of enchant weapon
Potions
 j - 2 potions of haste {@q3}
 k - 2 potions of brilliance
 l - 5 potions of flight
 u - 3 potions of lignification {!q}
 A - 7 potions of curing {@q1}
 N - a potion of magic
Books
 z - a Fen Folio

   Spells                             Type                      Level
   a - Corpse Rot                     Necromancy                   2
   b - Stone Arrow                    Conjuration/Earth            3
   c - Leda's Liquefaction            Hexes/Earth                  4
   d - Summon Forest                  Summoning/Translocation      5
   e - Hydra Form                     Transmutation                6
   f - Summon Hydra                   Summoning                    7
 L - a book of the Earth

   Spells                             Type                      Level
   a - Leda's Liquefaction            Hexes/Earth                  4
   b - Bolt of Magma                  Conjuration/Fire/Earth       5
   c - Statue Form                    Transmutation/Earth          6
   d - Iron Shot                      Conjuration/Earth            6
   e - Shatter                        Earth                        9
 M - a book of Enchantments

   Spells                             Type                      Level
   a - Cause Fear                     Hexes                        4
   b - Yara's Violent Unravelling     Hexes/Transmutation          5
   c - Silence                        Hexes/Air                    5
   d - Deflect Missiles               Charms/Air                   6
   e - Haste                          Charms                       6
   f - Discord                        Hexes                        8
Miscellaneous
 I - a lamp of fire (inert)
Comestibles
 f - 18 bread rations
 i - 40 fruits
 m - 6 meat rations
 x - 3 slices of pizza
 R - 2 beef jerkies

Dungeon Overview and Level Annotations

Branches:
Dungeon (12/15)            Temple (0/1) D:7            Lair (3/6) D:10
  Swamp (0/4) Lair:2          Orc (1/2) D:12
  Snake: Lair:2-4    Spider: Lair:2-4

Shops:
D:5 *(!!   D:8 %}!

Annotations:
D:12 Fannar
Lair:3 Rupert, Urug
Orc:1 Josephine

.........)†...▒▒▒.▒▒
.▒.......))...▒▒...▒
▒▒▒...▒........▒...▒
.▒▒▒...▒..▒....▒▒.▒▒
...▒...........▒▒.▒▒
...................▒
.......▒.......▒▒.▒▒
.▒..........▒▒.▒▒.▒▒
..£........W@p..▒
............▒▒.▒▒
...........▒▒▒▒
............▒
.....▒▒▒...▒.▒
...▒▒.........▒
.........▒.▒.▒▒
▒....£.▒▒▒▒▒▒
▒......


You could see Josephine and a wraith.


Message History

Josephine is almost dead.
Josephine hits you but does no damage.
You feel drained.
You hit Josephine.
Josephine is almost dead.
Josephine closely misses you.
Your chain mail prevents you from hitting Josephine.
Josephine is almost dead.
Josephine hits you but does no damage.
You feel drained. Josephine hits you but does no damage.
You feel drained.
You slash Josephine!
Josephine is almost dead.
Josephine is infused with unholy energy.
* * * LOW HITPOINT WARNING * * *
Josephine draws life force from you and is healed!
Your chain mail prevents you from hitting Josephine.
Josephine is severely wounded.
Josephine hits you but does no damage.
You feel drained.
You barely miss Josephine.
Josephine is severely wounded.
Josephine hits you but does no damage.
You feel drained. Josephine closely misses you.
You slash Josephine!
Josephine is almost dead.
Josephine is infused with unholy energy.
You die...

Action                   |  1- 3 |  4- 6 |  7- 9 | 10-12 || total
-------------------------+-------+-------+-------+-------++-------
Melee: Long sword        |   110 |   185 |   563 |  1767 ||  2625
 Fire: Blowgun           |       |     1 |       |       ||     1
Throw: Throwing net      |       |       |       |     2 ||     2
Evoke: Wand              |       |       |       |    22 ||    22
       Lamp of fire      |       |       |       |     1 ||     1
       Rod               |       |       |       |     2 ||     2
  Use: Scroll            |     7 |     3 |    13 |    14 ||    37
       Potion            |       |     1 |     7 |    15 ||    23
 Stab: Sleeping          |       |       |       |     2 ||     2
       Paralysed         |       |       |       |    13 ||    13
       Held in net/web   |       |       |       |     1 ||     1
  Eat: Chunk             |    15 |     5 |    19 |    41 ||    80
       Beef jerky        |       |       |       |     2 ||     2
       Royal jelly       |       |       |       |     1 ||     1
Armor: Ring mail         |    30 |     8 |       |       ||    38
       Chain mail        |       |    52 |   274 |   384 ||   710
       Leather armour    |       |       |    10 |   197 ||   207
       Skin              |       |       |       |    31 ||    31
Dodge: Dodged            |    59 |    61 |   232 |  1157 ||  1509

Vault maps used:
D:1:      minmay_arrival_wavy_path
D:3:      bloody_trog, uniq_crazy_yiuf_cottage
D:4:      grunt_temple_overflow_open, first_bread, uniq_duvessa
D:5:      serial_shops, shop, nicolae_shop_competitors_out_of_business,
          nicolae_shop_overgrown_old_shop, kennysheep_little_box, shop_fountains
D:6:      grunt_temple_overflow_lords_of_destruction, tgw_kikubaaqudgha,
          uniq_eustachio
D:7:      basic_altar, the_bakery
D:8:      kennysheep_six_static_rooms, serial_shops, nicolae_shop_waterfront,
          shop, nicolae_shop_statue_plus
D:9:      minitemple, minmay_misc_feat_plants, minmay_lizard_king
D:10:     david_lair_shrubbed, uniq_maurice, uniq_joseph
D:11:     enter_bailey_3, lemuel_mausoleum_altar_yredelemnul
D:12:     kennysheep_orc_monster_closet_entryway, lab_entry_generic,
          billiards_dpeg, uniq_erolcha, uniq_fannar, uniq_snorg
Lair:1:   fungi_pond_lemuel, lemuel_fruit_fields, grunt_megastairs_3,
          infiniplex_staircase_pool_2, serial_bayou_shore_b
Lair:2:   minmay_swamp_entry_reptiles, minivault_26
Lair:3:   pond_and_an_island_with_a_cottage, uniq_rupert, uniq_urug
Orc:1:    basic_altar, serial_shops, shop, uniq_josephine
Lab:      labyrinth_hidden_loot, nicolae_lab_garden, lab_statue,
          labyrinth_skeletal_remains
Bailey:   bailey_polearm_flooded_kennysheep, bailey

Notes
Turn   | Place    | Note
-------+----------+-------------------------------------------
     0 | D:1      | HaroldButt the Demigod Gladiator began the quest for the Orb.
     0 | D:1      | Reached XP level 1. HP: 17/17 MP: 3/3
   246 | D:1      | Reached skill level 3 in Long Blades
   473 | D:1      | Reached XP level 2. HP: 23/24 MP: 4/4
  1084 | D:2      | Reached skill level 4 in Long Blades
  1084 | D:2      | Reached XP level 3. HP: 29/29 MP: 5/5
  1556 | D:4      | Noticed a phantom
  1561 | D:5      | Entered Level 5 of the Dungeon
  1561 | D:5      | Found Iqarchom's Assorted Antiques.
  1561 | D:5      | Found Olasuol's Assorted Antiques.
  1561 | D:5      | Found Adim's Distillery.
  1680 | D:5      | Noticed a sky beast
  1681 | D:5      | Found Faskaloi's Distillery.
  2018 | D:4      | Reached XP level 4. HP: 23/36 MP: 6/6
  2133 | D:4      | Reached skill level 5 in Long Blades
  2176 | D:4      | Reached XP level 5. HP: 18/41 MP: 7/7
  2473 | D:4      | Noticed an ogre
  2486 | D:4      | Killed an ogre
  2486 | D:4      | Reached skill level 6 in Long Blades
  2818 | D:4      | Reached XP level 6. HP: 10/48 MP: 8/8
  3049 | D:4      | Reached skill level 7 in Long Blades
  3165 | D:4      | Found a sparkling altar of Nemelex Xobeh.
  3165 | D:4      | Found a glowing golden altar of the Shining One.
  3166 | D:4      | Found a blossoming altar of Fedhas.
  3343 | D:4      | Found a glowing silver altar of Zin.
  3343 | D:4      | Noticed Duvessa
  3541 | D:3      | Found a bloodstained altar of Trog.
  3816 | D:3      | Reached XP level 7. HP: 52/53 MP: 9/9
  3871 | D:3      | Found a runed door.
  3875 | D:3      | Noticed Crazy Yiuf
  3886 | D:3      | Killed Crazy Yiuf
  4228 | D:4      | Noticed Dowan
  4248 | D:4      | Killed Dowan
  4248 | D:4      | Reached skill level 8 in Long Blades
  4428 | D:4      | HP: 5/53 [poisoned by Duvessa]
  4430 | D:4      | HP: 1/53 [poisoned by Duvessa]
  4759 | D:5      | Found Fagha's Weapon Shop.
  4761 | D:5      | Bought a potion of lignification for 36 gold pieces
  4761 | D:5      | Bought a potion of heal wounds for 60 gold pieces
  4794 | D:4      | Killed Duvessa
  5241 | D:5      | Bought a potion of curing for 39 gold pieces
  5241 | D:5      | Bought a potion of might for 52 gold pieces
  5474 | D:6      | Reached skill level 9 in Long Blades
  5524 | D:6      | Noticed Eustachio
  5545 | D:6      | Killed Eustachio
  5628 | D:6      | Reached XP level 8. HP: 33/60 MP: 10/10
  5757 | D:6      | Reached skill level 10 in Long Blades
  5935 | D:6      | Reached skill level 3 in Dodging
  5956 | D:6      | Found an ancient bone altar of Kikubaaqudgha.
  6027 | D:6      | Found a burning altar of Makhleb.
  6028 | D:6      | Found a radiant altar of Vehumet.
  6095 | D:7      | Reached skill level 4 in Dodging
  6367 | D:7      | Found a glowing golden altar of the Shining One.
  6417 | D:7      | Found a staircase to the Ecumenical Temple.
  6537 | D:7      | Reached skill level 5 in Dodging
  6754 | D:7      | Reached XP level 9. HP: 63/67 MP: 11/11
  7019 | D:7      | Reached skill level 6 in Dodging
  7032 | D:8      | Found Vatwadosch's Distillery.
  7093 | D:5      | Bought 2 potions of agility for 104 gold pieces
  7207 | D:8      | Found Seeb's Food Emporium.
  7243 | D:8      | Identified a potion of resistance
  7576 | D:9      | Reached skill level 7 in Dodging
  7751 | D:9      | Found an iron altar of Okawaru.
  7751 | D:9      | Found a hazy altar of Hepliaklqana.
  7751 | D:9      | Found a deep blue altar of Sif Muna.
  7752 | D:9      | Found a shattered altar of Ashenzari.
  7753 | D:9      | Found an oddly glowing altar of Pakellas.
  7754 | D:9      | Found a white marble altar of Elyvilon.
  7797 | D:9      | Noticed namelastname112's ghost (journeyman DrGl)
  7830 | D:9      | Killed namelastname112's ghost
  7830 | D:9      | Reached skill level 8 in Dodging
  8145 | D:9      | Reached skill level 1 in Armour
  8258 | D:9      | Reached skill level 2 in Armour
  8612 | D:9      | Reached skill level 3 in Armour
  8938 | D:8      | Found Omyny's Gadget Shoppe.
  9207 | D:10     | Entered Level 10 of the Dungeon
  9207 | D:10     | Noticed Joseph
  9213 | D:9      | Reached skill level 4 in Armour
  9238 | D:10     | Noticed a hill giant
  9241 | D:10     | Reached XP level 10. HP: 73/73 MP: 13/13
  9394 | D:10     | Noticed Maurice
  9420 | D:10     | Killed Maurice
  9420 | D:10     | Reached skill level 5 in Armour
  9495 | D:10     | Killed Joseph
  9495 | D:10     | Reached skill level 6 in Armour
  9523 | D:10     | Noticed a hill giant
  9554 | D:10     | Killed a hill giant
  9568 | D:10     | Reached skill level 7 in Armour
  9869 | D:10     | Killed a hill giant
 10105 | D:10     | Found a staircase to the Lair.
 10138 | D:10     | Reached skill level 8 in Armour
 10144 | D:10     | Reached skill level 2 in Fighting
 10149 | D:10     | Got a transparent leather armour
 10161 | D:10     | Identified the +2 leather armour "Utuvunu" {rCorr MP+9 Int+3} (You found it on level 10 of the Dungeon)
 10251 | D:11     | Noticed namelastname112's ghost (journeyman DrAs)
 10282 | D:11     | HP: 10/109 [namelastname112's ghost (4)]
 10294 | D:11     | HP: 4/109 [namelastname112's ghost (5)]
 10339 | D:11     | Killed namelastname112's ghost
 10339 | D:11     | Reached skill level 3 in Fighting
 10669 | D:11     | Found a flagged portal.
 10706 | Bailey   | Entered a bailey
 11286 | Bailey   | Reached skill level 4 in Fighting
 12393 | Bailey   | Reached skill level 5 in Fighting
 12586 | Bailey   | Reached XP level 11. HP: 28/86 MP: 14/14
 13676 | D:11     | Reached skill level 6 in Fighting
 14088 | D:11     | Reached skill level 7 in Fighting
 14473 | D:11     | Found a basalt altar of Yredelemnul.
 14782 | D:12     | Found a labyrinth entrance.
 14788 | Lab      | Entered a labyrinth
 14828 | Lab      | Reached skill level 8 in Fighting
 15281 | Lab      | Noticed a minotaur
 15306 | Lab      | Killed a minotaur
 15323 | Lab      | Got an ichor-stained ring mail
 15573 | D:12     | Identified the +1 ring mail of Defiance {rElec} (You found it in a labyrinth)
 15640 | D:12     | Noticed a hill giant
 15649 | D:12     | Killed a hill giant
 15649 | D:12     | Reached skill level 9 in Fighting
 15821 | D:12     | Noticed Erolcha
 15855 | D:12     | Killed Erolcha
 15904 | D:12     | Found a staircase to the Orcish Mines.
 15985 | D:12     | Reached skill level 10 in Fighting
 16355 | D:12     | Noticed Snorg
 16378 | D:12     | Killed Snorg
 16762 | D:12     | Noticed Fannar
 16950 | D:5      | Bought a potion of curing for 36 gold pieces
 16950 | D:5      | Bought a potion of curing for 36 gold pieces
 16950 | D:5      | Bought a potion of curing for 36 gold pieces
 16950 | D:5      | Bought a potion of curing for 36 gold pieces
 16962 | D:5      | Bought a sapphire ring for 110 gold pieces
 16962 | D:5      | Bought a scroll of identify for 44 gold pieces
 16962 | D:5      | Bought a scroll of identify for 44 gold pieces
 16962 | D:5      | Bought a potion of curing for 66 gold pieces
 17014 | D:5      | Bought a potion of curing for 39 gold pieces
 17021 | D:5      | Reached skill level 11 in Long Blades
 17174 | Lair:1   | Entered Level 1 of the Lair of Beasts
 17301 | Lair:1   | Noticed a four-headed hydra
 17325 | Lair:1   | Reached XP level 12. HP: 106/106 MP: 15/15
 17326 | Lair:1   | Killed a four-headed hydra
 17481 | Lair:1   | Noticed a five-headed hydra
 18087 | Lair:2   | Reached skill level 12 in Long Blades
 18285 | Lair:2   | Found a staircase to the Swamp.
 18344 | Lair:1   | HP: 10/106 [poisoned by a swamp dragon (poison gas)]
 18350 | Lair:1   | HP: 10/106 [poisoned by a swamp dragon (poison gas)]
 18358 | Lair:1   | HP: 10/106 [poisoned by a swamp dragon (poison gas)]
 18911 | Lair:1   | Noticed a six-headed hydra
 19019 | Lair:3   | Noticed Urug
 19019 | Lair:3   | Noticed a six-headed hydra
 19020 | Lair:3   | Noticed Rupert
 20661 | Lair:2   | Reached skill level 13 in Long Blades
 20810 | Lair:2   | Noticed a six-headed hydra
 20905 | Lair:2   | Noticed an eight-headed hydra
 21181 | Orc:1    | Entered Level 1 of the Orcish Mines
 21208 | Orc:1    | Found a roughly hewn altar of Beogh.
 21379 | Orc:1    | Noticed Josephine
 21417 | Orc:1    | HP: 10/106 [Josephine/dagger of draining (3)]
 21418 | Orc:1    | HP: 4/106 [Josephine/dagger of draining (1)]
 21423 | Orc:1    | HP: 9/106 [Josephine/ghostly fireball (12)]
 21430 | Orc:1    | HP: 5/106 [Josephine/vampiric draining (26)]
 21433 | Orc:1    | Killed from afar by Josephine

Vanquished Creatures
  Snorg (D:12)
  A minotaur (Lab)
  The ghost of namelastname112 the Fighter, a journeyman DrAs of Gozag (D:11)
  The ghost of namelastname112 the Carver, a journeyman DrGl of Gozag (D:9)
  A hydra (Lair:1)
  Erolcha (D:12)
  A swamp dragon (Lair:2)
  3 hill giants
  An ugly thing (D:12)
  Joseph (D:10)
  Maurice (D:10)
  A black mamba (Lair:2)
  A gargoyle (D:11)
  3 spiny frogs (Lair:2)
  A komodo dragon (D:10)
  3 trolls
  16 yaks
  6 wraiths
  2 redbacks (Lab)
  A spriggan (D:7)
  Eustachio (D:6)
  4 hippogriffs
  2 hungry ghosts (D:12)
  Duvessa (D:4)
  6 water moccasins
  5 porcupines
  15 orc warriors
  A wasp (D:10)
  2 ice beasts
  2 necrophages
  4 ogres
  2 phantoms
  6 wolves (Lair:1)
  3 sky beasts
  13 centaurs
  2 crocodiles
  5 big kobolds
  7 giant frogs
  2 wyvern zombies (D:12)
  3 gnoll sergeants (D:12)
  3 scorpions
  Dowan (D:4)
  5 killer bees (D:9)
  2 howler monkeys (D:7)
  14 wights
  6 crimson imps
  A giant frog zombie (D:10)
  4 human zombies (D:11)
  2 centaur zombies
  2 giant frog skeletons
  Crazy Yiuf (D:3)
  8 hounds
  4 orc priests
  10 orc wizards
  5 iguanas
  11 worker ants
  15 sheep (Lair:1)
  A killer bee zombie (D:7)
  A crocodile zombie (Lair:3)
  An ogre zombie (D:11)
  An ogre skeleton (D:11)
  2 hound skeletons
  A mummy (D:11)
  A worker ant zombie (D:10)
  8 gnolls
  A howler monkey skeleton (D:8)
  7 adders
  21 river rats
  2 shadow imps
  3 adder skeletons
  2 worms (D:3)
  4 dart slugs
  6 giant geckos
  55 orcs
  A ball python (D:3)
  6 bats
  4 giant cockroaches
  13 goblins
  5 hobgoblins
  13 jackals
  6 quokkas
  12 giant newts
  13 kobolds
  An orc zombie (D:11)
  6 rats
424 creatures vanquished.

Vanquished Creatures (others)
  A human (D:6)
  2 giant newts (Lair:2)
  6 fungi
  6 plants
15 creatures vanquished.

Grand Total: 439 creatures vanquished
